 Dungeon Crawl Stone Soup version 0.29-a0-1047-g7c58e119a4 (webtiles) character file.

Game seed: 3491772456938079030

1997466 greasedhog the Ninja (level 27, 189/189 HPs)
             Began as a Gargoyle Brigand on Aug 16, 2022.
             Was the Champion of Dithmenos.
             Escaped with the Orb
             ... and 3 runes!
             The game lasted 02:22:17 (48769 turns).

greasedhog the Ninja (Gargoyle Brigand)            Turns: 48769, Time: 02:22:18

Health: 189/189    AC: 46    Str: 19      XL:     27
Magic:  43/43      EV: 30    Int: 22 (26) God:    Dithmenos [******]
Gold:   7163       SH:  0    Dex: 27      Spells: 24/26 levels left

rFire   + + .      SeeInvis .   d - +12 pair of quick blades "Gyre" and "Gimble" {protect}
rCold   . . .      Faith    .   (shield currently unavailable)
rNeg    + . .      Spirit   .   W - +4 troll leather armour
rPois   ∞          Reflect  .   E - +2 helmet {Int+3}
rElec   +          Harm     .   i - +3 cloak of Lies {rF+ Str+2 Int+4}
rCorr   .          Rampage  .   I - +1 pair of gloves of Indecent Exposure {rC+ Str+6}
Will    ++++.                   Q - +2 pair of boots {Stlth+}
Stlth   +++++++...              b - amulet "Attomyhi" {Regen+ Str-5 Int+4 Slay+3}
HPRegen 2.01/turn               k - +6 ring of dexterity
MPRegen 0.28/turn               M - ring "Gausadog" {rF+ rC- Will++ MP+9 Slay+6}

@: flying, wreathed by umbra
A: sickness immunity, AC +20, big wings, negative energy resistance 1,
electricity resistance, torment resistance 1, petrification resistance, deformed
body, mutation resistance 1
0: Orb of Zot
}: 3/15 runes: decaying, serpentine, silver
a: Renounce Religion, Shadow Step, Shadow Form


You escaped.
You worshipped Dithmenos.
Dithmenos was exalted by your worship.
You visited 10 branches of the dungeon, and saw 46 of its levels.
You visited 1 bazaar.
You also visited: Trove and Volcano.

You collected 11245 gold pieces.
You spent 4082 gold pieces at shops.

Inventory:

Hand Weapons
 a - the +8 dagger "Orb Guardian's Curse" {drain, +Blink rF+}
   (You took it off a tengu conjurer on level 9 of the Dungeon)

   A truly terrible weapon, it drains the life of any living foe it strikes.
   rF:        It protects you from fire.
   +Blink:    It lets you blink.
 d - the +12 pair of quick blades "Gyre" and "Gimble" (weapon) {protect}
   (You bought it in a shop on level 1 of the Elven Halls)

   It grants its wielder temporary protection when it strikes (+7 to AC).
Armour
 i - the +3 cloak of Lies (worn) {rF+ Str+2 Int+4}
   (You bought it in a shop on level 2 of the Orcish Mines)

   Str:       It affects your strength (+2).
   Int:       It affects your intelligence (+4).
   rF:        It protects you from fire.
 E - a +2 helmet of intelligence (worn)
 I - the +1 pair of gloves of Indecent Exposure (worn) {rC+ Str+6}
   (You acquired it on level 13 of the Dungeon)

   Str:       It affects your strength (+6).
   rC:        It protects you from cold.
 Q - a +2 pair of boots of stealth (worn)
 W - a +4 troll leather armour (worn)
Jewellery
 b - the amulet "Attomyhi" (around neck) {Regen+ Str-5 Int+4 Slay+3}
   (You acquired it on level 4 of the Depths)

   [amulet of regeneration]

   Str:       It affects your strength (-5).
   Int:       It affects your intelligence (+4).
   Slay:      It affects your accuracy & damage with ranged weapons and melee
   (+3).
   Regen:     It increases your rate of health regeneration.
 g - a ring of willpower
 k - a +6 ring of dexterity (left hand)
 B - an amulet of the acrobat
 F - the amulet of Conformity {+Inv Regen+ Slay+5 Stlth-}
   (You found it on level 4 of the Dungeon)

   [amulet of regeneration]

   Slay:      It affects your accuracy & damage with ranged weapons and melee
   (+5).
   +Inv:      It lets you turn invisible.
   Regen:     It increases your rate of health regeneration.
   Stlth:     It makes you less stealthy.
 G - a ring of resist corrosion
 H - a ring of protection from cold
 J - an amulet of reflection
 M - the ring "Gausadog" (right hand) {rF+ rC- Will++ MP+9 Slay+6}
   (You took it off a tengu warrior on level 13 of the Dungeon)

   [ring of protection from fire]

   Slay:      It affects your accuracy & damage with ranged weapons and melee
   (+6).
   rF:        It protects you from fire.
   rC:        It makes you vulnerable to cold.
   MP:        It affects your magic capacity (+9).
   Will:      It greatly increases your willpower.
 P - a ring of positive energy
 T - the ring "Irphaicar" {Fire Will- MP+9 Stlth+}
   (You found it on level 4 of the Depths)

   [ring of fire]

   It enhances your fire magic.
   rF:        It protects you from fire.
   rC:        It makes you vulnerable to cold.
   MP:        It affects your magic capacity (+9).
   Will:      It decreases your willpower.
   Stlth:     It makes you more stealthy.
 Z - a ring of protection from fire
Wands
 s - a wand of roots (6)
 x - a wand of polymorph (32)
 y - a wand of mindburst (7)
 A - a wand of digging (23)
 L - a wand of flame (114)
 S - a wand of acid (38)
 U - a wand of charming (47)
Scrolls
 e - 3 scrolls of summoning
 f - 12 scrolls of amnesia
 h - 13 scrolls of fog
 j - 4 scrolls of enchant armour
 o - 6 scrolls of blinking
 t - 4 scrolls of brand weapon
 u - 36 scrolls of teleportation
 v - 7 scrolls of poison
 K - 6 scrolls of enchant weapon
 N - 7 scrolls of fear
 R - 19 scrolls of magic mapping
 Y - 7 scrolls of silence
Potions
 m - 8 potions of magic
 n - 18 potions of brilliance
 p - 9 potions of heal wounds
 q - 6 potions of ambrosia
 r - 10 potions of lignification
 w - 23 potions of curing
 z - 9 potions of mutation
 C - 6 potions of resistance
 D - 7 potions of cancellation
 O - 4 potions of berserk rage
 X - a potion of might
Miscellaneous
 c - a lightning rod (4/4)
 V - a condenser vane


   Skills:
 * Level 23.6 Fighting
 - Level 14.0 Short Blades
 - Level 1.7 Throwing
 - Level 20.0 Armour
 * Level 18.8 Dodging
 O Level 27 Stealth
 - Level 5.0 Shields
 - Level 6.2 Translocations
 - Level 14.8 Invocations
 - Level 14.2 Evocations


You had 24 spell levels left.
You knew the following spells:

 Your Spells              Type           Power      Damage    Failure   Level
a - Blink                 Tloc           54%        N/A       2%          2

Your spell library contained the following spells:

 Spells                   Type           Power      Damage    Failure   Level
 Apportation              Tloc           54%        N/A       1%          1
 Gell's Gravitas          Tloc           27%        N/A       4%          3
 Lesser Beckoning         Tloc           27%        N/A       4%          3
 Teleport Other           Tloc           27%        N/A       4%          3
 Magic Dart               Conj           0%         1d3       19%         1
 Sandblast                Erth           0%         2d4       19%         1
 Summon Small Mammal      Summ           0%         N/A       19%         1
 Searing Ray              Conj           0%         2d4       28%         2
 Static Discharge         Conj/Air       0%         3-3/arc   28%         2
 Manifold Assault         Tloc           27%        N/A       36%         5
 Iskenderun's Mystic Bla  Conj/Tloc      13%        2d5       45%         4
 Call Canine Familiar     Summ           0%         N/A       50%         3
 Conjure Flame            Conj/Fire      0%         6-21      50%         3
 Dazzling Flash           Conj/Hex       0%         N/A       50%         3
 Frozen Ramparts          Ice            0%         1d1       50%         3
 Ignite Poison            Fire/Tmut/Pois 0%         N/A       50%         3
 Ozocubu's Armour         Ice            0%         N/A       50%         3
 Stone Arrow              Conj/Erth      0%         3d7       50%         3
 Summon Guardian Golem    Hex/Summ       0%         N/A       50%         3
 Airstrike                Air            0%         2d(0-16)  88%         4
 Animate Dead             Necr           0%         N/A       88%         4
 Corpse Rot               Necr/Pois/Air  0%         N/A       88%         4
 Fulminant Prism          Conj/Hex       0%         3d6       88%         4
 Ice Form                 Ice/Tmut       0%         N/A       88%         4
 Petrify                  Tmut/Erth      0%         N/A       88%         4
 Sticky Flame             Conj/Fire      0%         2d3       88%         4
 Summon Ice Beast         Ice/Summ       0%         N/A       88%         4
 Dispersal                Tloc           13%        N/A       91%         6
 Agony                    Necr           0%         N/A       99%         5
 Alistair's Intoxication  Tmut/Pois      0%         N/A       99%         5
 Blade Hands              Tmut           0%         N/A       99%         5
 Borgnjor's Vile Clutch   Necr/Erth      0%         N/A       99%         5
 Fireball                 Conj/Fire      0%         3d3       99%         5
 Freezing Cloud           Conj/Ice/Air   0%         6-21      99%         5
 Irradiate                Conj/Tmut      0%         3d11      99%         5
 Iskenderun's Battlesphe  Conj           0%         2d6       99%         5
 Lee's Rapid Deconstruct  Erth           0%         3d5*      99%         5
 Lightning Bolt           Conj/Air       0%         1d11      99%         5
 Metabolic Englaciation   Hex/Ice        0%         N/A       99%         5
 Silence                  Hex/Air        0%         N/A       99%         5
 Summon Mana Viper        Hex/Summ       0%         N/A       99%         5
 Conjure Ball Lightning   Conj/Air       0%         3x3d6     100%        6
 Death Channel            Necr           0%         N/A       100%        6
 Iron Shot                Conj/Erth      0%         9d1       100%        6
 Simulacrum               Ice/Necr       0%         N/A       100%        6
 Starburst                Conj/Fire      0%         6d3       100%        6
 Dragon Form              Tmut           0%         N/A       100%        7
 Monstrous Menagerie      Summ           0%         N/A       100%        7
 Orb of Destruction       Conj           0%         9d5       100%        7
 Spellforged Servitor     Conj/Summ      0%         N/A       100%        7
 Storm Form               Tmut/Air       0%         N/A       100%        7
 Disjunction              Tloc           13%        N/A       100%        8
 Maxwell's Capacitive Co  Air            0%         ∞         100%        8
 Polar Vortex             Ice            0%         N/A       100%        9
 Sublimation of Blood     Necr           Unusable   N/A       N/A         2
 Statue Form              Tmut/Erth      Unusable   N/A       N/A         6

Dungeon Overview and Level Annotations

Branches:
Dungeon (15/15)            Temple (1/1) D:5            Lair (5/5) D:11
  Swamp (4/4) Lair:3        Snake (4/4) Lair:2        Slime (0/5) Lair:5
    Orc (2/2) D:12            Elf (1/3) Orc:2        Vaults (5/5) D:14
  Crypt (0/3) Vaults:3     Depths (4/4) D:15            Zot (5/5) Depths:4
Volcano (visited)

Altars:
Ashenzari
Cheibriados
Dithmenos
Elyvilon
Fedhas
Gozag
Hepliaklqana
Kikubaaqudgha
Makhleb
Nemelex Xobeh
Okawaru
Qazlal
Ru
Sif Muna
Trog
Uskayaw
Vehumet
Wu Jian
Xom
Yredelemnul
Zin
The Shining One
Jiyva

Shops:
Orc:1 *   Orc:2 [(*:[(   Elf:1 *=

Portals:
Hell: Depths:1 Depths:2 Depths:3 Depths:4
Abyss: Depths:1 Depths:2 Depths:3 Depths:4
Pandemonium: Depths:2 Depths:4
Ziggurat: Depths:4

Annotations:
D:4 2 runed translucent doors, 2 transporters, Snarg's ghost, novice SpCj
D:9 3 runed translucent doors
D:14 3 runed translucent doors, Wauzun's ghost, journeyman OpAE
Temple 2 transporters
Vaults:1 2 transporters, Ceherehi's ghost, adept OgEn
Depths:4 1 transporter
Zot:5 1 runed translucent door, Akugygoc's ghost, legendary MiFi


Innate Abilities, Weirdness & Mutations

You are immune to sickness and miasma.
Your stone body is resilient. (AC +20)
You are immune to poison.
Your large and strong wings let you fly.
You resist negative energy. (rN+)
You are resistant to electric shocks. (rElec)
You are resistant to unholy torment.
You are immune to petrification.
Armour fits poorly on your strangely shaped body.
You are somewhat resistant to further mutation.


Message History

You destroy the large abomination!
Dithmenos accepts your kill.
There is a stone staircase leading up here.
HP restored.
You fly upwards.
There is a stone staircase leading down here.
(D) Dungeon (T) Temple (L) Lair (S) Swamp (P) Snake Pit (M) Slime Pits (O) Orcish Mines (E) Elven Halls (V) Vaults (C) Crypt (U) Depths (H) Hell (Z) Zot
Where to? (Enter - D:1, ? - help)
What level of the Dungeon? (default 1, ? - help)
There is a stone staircase leading up here.
You fly upwards.
Level annotation: 2 runed translucent doors, 2 transporters, Snarg's ghost, novice SpCj
There is a stone staircase leading down here.
There is a stone staircase leading up here.
You fly upwards.
There is a stone staircase leading down here.
There is a stone staircase leading up here.
You fly upwards.
There is a stone staircase leading down here.
A sun demon comes into view.
The sun demon completely misses you.
You impale the sun demon!!
Your weapon exudes an aura of protection.
You impale the sun demon!! The sun demon completely misses you.
You puncture the sun demon! You completely miss the sun demon.
You hit the sun demon but do no damage. x2
You closely miss the sun demon. You puncture the sun demon!
The sun demon completely misses you.
You hit the sun demon. You puncture the sun demon!
You kill the sun demon!
Dithmenos accepts your kill.
There is a stone staircase leading up here.
You fly upwards.
There is a stone staircase leading down here.
There is an open door here.
There is a staircase leading out of the dungeon here.
You have escaped!

.....#####......#......# ##.##
.....## #......#......# #..#
##.#..####.....###.....#######.#
##.............# #.............#
.#............## ##............#
.#.##########)#####'##########.#
.#...### ##.....## ###...#
.#.....### ##.....## ###.....#
.#.......####...@...####.......#
...........##.......##.........#
...........###.....###......##.#
...........# ###'### #.....[##.#
#.........## ##.## ##.....##.#
..........# ###...### #.....##.#
.........####.......####.......#
.........##...........##....##.#
#.......#.....###...)...#..###.#


There were no monsters in sight!

Vanquished Creatures
  2 ancient liches
  2 dread liches (Zot:5)
  4 orbs of fire
  Mennas (Vaults:5)
  5 juggernauts
  Saint Roka (Depths:4)
  Boris (twice) (Vaults:2 Vaults:4)
  Vv (Depths:2)
  3 Killer Klowns
  4 caustic shrikes
  12 golden dragons
  5 curse toes
  4 bone dragons (Zot:1)
  A Tzitzimitl (Zot:1)
  3 electric golems
  2 doom hounds
  Jorgrun (D:12)
  4 hellephants (Depths:1)
  A walking crystal tome (Depths:4)
  15 tentacled monstrosities
  19 Orb Guardians
  Grunn (Zot:2)
  5 quicksilver dragons
  6 liches
  A deep elf master archer (Vaults:4)
  7 titans
  2 walking divine tomes
  12 death cobs
  Frances (Swamp:1)
  2 Executioners
  4 sphinxes
  15 shadow dragons
  2 ancient champions
  Agnes (Snake:1)
  Kirke (Lair:3)
  4 draconian monks
  Roxanne (D:14)
  23 storm dragons
  2 thorn hunters
  7 tengu reavers
  4 draconian scorchers
  The ghost of FizzleBangTC the Thaumaturge, an adept GnFE of Cheibriados (Swamp:4)
  8 nagarajas
  A fenstrider witch (Swamp:3)
  10 fire giants
  7 frost giants
  19 vault wardens
  A frost giant (shapeshifter) (Vaults:5)
  4 orc warlords
  8 draconian knights
  4 iron dragons
  3 deep elf sorcerers
  3 ghost moths
  2 balrugs (Depths:2)
  7 draconian stormcallers
  Louise (Snake:3)
  A spriggan defender (Depths:4)
  5 draconian shifters
  6 draconian annihilators
  16 ironbound preservers
  2 war gargoyles (Vaults:4)
  4 vampire knights (Depths:2)
  20 stone giants
  17 very ugly things
  2 reapers
  4 ironbound thunderhulks
  6 green draconians
  2 deep elf demonologists (Vaults:5)
  A putrid mouth (Zot:1)
  14 purple draconians
  4 yellow draconians
  10 black draconians
  5 eleionomae
  11 dire elephants
  4 bunyips
  The ghost of Tewud the Maledictor, a journeyman FeIE of Vehumet (Vaults:4)
  Azrael (Snake:1)
  2 deep elf annihilators (Vaults:5)
  3 minotaurs
  7 white draconians
  5 spark wasps
  15 ettins
  11 red draconians
  2 green deaths (Snake:2)
  6 deep elf death magi
  Snorg (Orc:2)
  4 crystal guardians
  A shambling mangrove (Swamp:2)
  Josephine (D:10)
  11 yaktaur captains
  12 great orbs of eyes
  3 deep elf high priests
  16 fire dragons
  4 salamander tyrants
  4 rakshasas
  27 hydras
  6 spriggan air magi (Depths:4)
  12 ice dragons
  4 peacekeepers
  35 vault guards
  2 catoblepae
  19 centaur warriors
  10 ironbound frosthearts
  A caustic shrike simulacrum (Depths:1)
  A ghost crab (Swamp:4)
  10 boulder beetles
  7 naga warriors
  2 ogre magi
  4 two-headed ogres
  6 anacondas
  8 death yaks
  14 tengu warriors
  2 deep troll shamans
  6 alligators
  8 deep troll earth magi
  8 hell hogs (Depths:1)
  7 shock serpents
  7 spriggan berserkers
  3 vampire magi (Depths:2)
  2 dancing weapons (Elf:1)
  16 naga sharpshooters
  2 orc high priests (Elf:1)
  Sonja (D:10)
  Nergalle (Lair:1)
  6 deep elf knights
  12 hell knights
  2 sun demons
  7 goliath frogs
  6 skeletal warriors
  Amaemon (Lair:3)
  11 salamander mystics
  2 glowing orange brains
  2 iron trolls
  7 sea snakes
  Lodul (D:10)
  47 deep trolls
  18 lindwurms
  2 spriggan druids
  2 bog bodies
  A flayed ghost (Depths:3)
  9 naga ritualists
  9 swamp dragons
  3 orange crystal statues
  5 deep elf archers
  4 phantasmal warriors (Vaults:5)
  18 ironbound convokers
  19 wizards
  11 orc knights
  13 deep elf pyromancers
  7 necromancers
  6 harpies
  A large abomination (D:6)
  11 deep elf zephyrmancers (Elf:1)
  9 mana vipers
  42 ugly things
  A manticore (shapeshifter) (Vaults:3)
  2 wolf spiders (Lair:4)
  2 shining eyes (shapeshifter)
  12 orc sorcerers
  A human zombie (Vaults:3)
  10 will-o-the-wisps
  16 salamanders
  A moth of wrath (shapeshifter) (Depths:3)
  2 manticores
  A stone giant zombie (Depths:1)
  6 cyclopes
  2 frost giant skeletons
  9 elephants (Lair:3)
  28 moths of wrath
  18 vault sentinels
  A guardian serpent (shapeshifter) (Vaults:5)
  15 naga magi
  2 guardian serpents (Snake:3)
  A fire giant skeleton (Depths:1)
  A stone giant skeleton (Vaults:3)
  25 black mambas
  A black mamba (shapeshifter) (Elf:1)
  2 rust devils
  2 orange demons
  An elf zombie (Vaults:3)
  3 gargoyles
  5 torpor snails (Lair:5)
  Maggie (D:7)
  10 cane toads
  An unseen horror zombie (D:8)
  2 freezing wraiths (Vaults:5)
  An efreet (D:14)
  An unseen horror (D:9)
  A hellion (Zot:1)
  10 komodo dragons
  49 yaktaurs
  3 red devils (Volcano)
  7 rime drakes
  A meliai (shapeshifter) (D:15)
  7 tengu conjurers
  9 trolls
  A bloated husk (Swamp:2)
  10 polar bears
  Grinder (D:5)
  7 raiju (Lair:5)
  37 blink frogs
  18 tyrant leeches
  13 hornets
  48 slime creatures
  5 dream sheep (Lair:5)
  An ettin zombie (Vaults:3)
  A jumping spider (shapeshifter) (Vaults:5)
  A centaur simulacrum (D:11)
  3 spriggans
  A ynoxinul (D:12)
  An ettin skeleton (Vaults:3)
  2 vampires
  3 humans (Lair:3)
  8 basilisks
  3 water elementals
  7 wraiths
  5 wyverns
  3 shadows
  2 hogs (Lair:3)
  65 yaks
  8 fire bats
  3 fire elementals (Lair:2)
  4 steam dragons
  13 swamp worms
  10 vampire mosquitoes
  10 wargs
  A swamp worm (shapeshifter) (Vaults:5)
  An acid dragon (D:8)
  44 nagas
  A glowing shapeshifter skeleton (Vaults:3)
  15 water moccasins
  11 hell hounds
  3 floating eyes
  16 black bears
  11 swamp drakes
  2 ice beasts (D:11)
  A sky beast (D:7)
  23 orc warriors
  A meliai simulacrum (D:11)
  A spriggan simulacrum (Depths:1)
  30 wolves
  10 ogres
  A boggart (Elf:1)
  11 centaurs
  A phantom (D:4)
  3 kobold brigands
  2 wyvern zombies (D:8)
  8 bullfrogs
  2 gnoll sergeants
  An earth elemental (Elf:1)
  A necrophage (D:7)
  4 scorpions
  14 wights
  5 spriggan skeletons (D:9)
  5 killer bees (D:11)
  7 electric eels
  A troll skeleton (D:9)
  A vampire bat (D:3)
  2 howler monkeys
  8 lava snakes (Volcano)
  7 jellies
  12 orc priests
  4 hounds
  Crazy Yiuf (D:7)
  5 hell rats (Lair:5)
  3 iguanas (D:4)
  Ijyb (D:4)
  31 orc wizards
  2 killer bee zombies (D:8)
  21 gnolls
  13 adders
  A shadow imp (D:6)
  3 white imps
  2 ufetubi
  2 worms
  The ghost of drugrobin the Sneak, a weakling DgDe (D:5)
  2 dart slugs
  100 orcs
  10 bats
  12 endoplasms
  A giant cockroach (D:4)
  4 goblins
  2 hobgoblins (D:4)
  3 jackals (D:5)
  11 kobolds
  6 quokkas
  10 ball pythons
  3 frilled lizards
  7 rats
2136 creatures vanquished.

Vanquished Creatures (others)
  A fire giant (Vaults:5)
  2 eleionomae
  A red draconian (Zot:4)
  A vault guard (Vaults:5)
  A hell knight (Depths:3)
  A vault sentinel (Vaults:5)
  An unseen horror (D:13)
  3 bloated husks
  2 yaks
  A fire bat (Swamp:4)
  2 swamp drakes (Swamp:4)
  An orc wizard (Orc:2)
  An orc (Depths:4)
  26 foxfires
  59 fungi
  89 plants
  10 toadstools (Swamp:3)
  3 withered plants (D:8)
205 creatures vanquished.

Grand Total: 2341 creatures vanquished

Notes
Turn   | Place    | Note
-------+----------+-------------------------------------------
     0 | D:1      | greasedhog the Gargoyle Brigand began the quest for the
                  | Orb.
     0 | D:1      | Reached XP level 1. HP: 12/12 MP: 1/1
   188 | D:1      | Reached XP level 2. HP: 17/17 MP: 2/2
   872 | D:1      | Found a faded altar of an unknown god.
   985 | D:1      | Reached skill level 5 in Stealth
   985 | D:1      | Reached XP level 3. HP: 21/21 MP: 3/3
  2173 | D:3      | Found a basalt altar of Yredelemnul.
  2173 | D:3      | Found a hide-covered altar of Uskayaw.
  2513 | D:3      | Reached XP level 4. HP: 26/26 MP: 4/4
  2527 | D:3      | Learned a level 2 spell: Blink
  3310 | D:3      | Reached skill level 6 in Stealth
  3310 | D:3      | Reached XP level 5. HP: 30/30 MP: 5/5
  3958 | D:4      | Found a large runed translucent door.
  3958 | D:4      | Found a large runed translucent door.
  3969 | D:4      | Noticed a black bear
  3978 | D:4      | Found a large runed translucent door.
  3978 | D:4      | Found a large runed translucent door.
  4023 | D:4      | Identified the +0 leather armour of Huxean {Regen+}
  4036 | D:4      | Noticed Ijyb
  4056 | D:4      | Killed Ijyb
  4057 | D:4      | Reached XP level 6. HP: 35/35 MP: 6/6
  4559 | D:4      | Found a transporter.
  4559 | D:4      | Noticed Snarg's ghost (novice SpCj)
  4562 | D:4      | Found a transporter.
  4563 | D:4      | Noticed an ice beast
  4680 | D:4      | Reached skill level 7 in Stealth
  4777 | D:4      | Identified the amulet of Conformity {+Inv Regen+ Slay+5
                  | Stlth-}
  4792 | D:4      | Noticed a wyvern
  4797 | D:4      | Killed a wyvern
  4798 | D:4      | Reached XP level 7. HP: 32/40 MP: 7/7
  4850 | D:4      | Reached skill level 5 in Short Blades
  4864 | D:4      | Reached skill level 8 in Stealth
  4878 | D:4      | Identified the +0 robe "Nusmuz" {rF+ MP+9 Str+2 Dex+4}
  4908 | D:4      | Reached XP level 8. HP: 40/44 MP: 8/8
  4945 | D:5      | Entered Level 5 of the Dungeon
  4967 | D:5      | Noticed Grinder
  4981 | D:5      | Killed Grinder
  4982 | D:5      | Reached skill level 9 in Stealth
  5098 | D:5      | Found a staircase to the Ecumenical Temple.
  5104 | Temple   | Entered the Ecumenical Temple
  5104 | Temple   | Found a transporter.
  5104 | Temple   | Found a transporter.
  5106 | Temple   | Found a transporter.
  5106 | Temple   | Found a transporter.
  5123 | Temple   | Became a worshipper of Dithmenos the Shadowed
  5216 | D:5      | Found a large runed translucent door.
  5216 | D:5      | Found a large runed translucent door.
  5218 | D:5      | Noticed drugrobin's ghost (weakling DgDe)
  5222 | D:5      | Killed drugrobin's ghost
  5371 | D:5      | Found a shimmering blue altar of Sif Muna.
  6153 | D:7      | Reached * piety under Dithmenos
  6154 | D:7      | Reached skill level 10 in Stealth
  6230 | D:7      | Reached XP level 9. HP: 50/51 MP: 9/9
  6662 | D:7      | Noticed Maggie
  6676 | D:7      | Killed Maggie
  6807 | D:7      | Found a runed translucent door.
  6809 | D:7      | Noticed Crazy Yiuf
  6820 | D:7      | Killed Crazy Yiuf
  6857 | D:8      | Reached skill level 5 in Fighting
  6994 | D:8      | Reached skill level 1 in Dodging
  7338 | D:8      | Reached XP level 10. HP: 59/59 MP: 10/10
  7393 | D:8      | Reached ** piety under Dithmenos
  7661 | D:8      | You fall into a shaft and drop 3 floors!
  7743 | D:10     | Entered Level 10 of the Dungeon
  7744 | D:10     | Noticed a two-headed ogre
  7753 | D:10     | Killed a two-headed ogre
  7754 | D:10     | Reached skill level 10 in Short Blades
  7754 | D:10     | Reached skill level 5 in Dodging
  8047 | D:9      | Reached skill level 1 in Armour
  8093 | D:9      | Killed an unseen horror
  8168 | D:9      | Noticed a two-headed ogre
  8173 | D:9      | Killed a two-headed ogre
  8456 | D:9      | Reached XP level 11. HP: 64/64 MP: 11/11
  8472 | D:9      | Reached skill level 5 in Armour
  8501 | D:9      | Reached skill level 1 in Invocations
  8521 | D:9      | Noticed a tengu warrior
  8524 | D:9      | Identified the +8 dagger "Orb Guardian's Curse" {drain,
                  | +Blink rF+}
  8532 | D:9      | Noticed a manticore
  8561 | D:8      | Killed a tengu warrior
  8677 | D:9      | Killed a manticore
  8710 | D:9      | Noticed a white ugly thing
  8771 | D:9      | Reached *** piety under Dithmenos
  8797 | D:9      | Noticed a cyclops
  8804 | D:9      | Killed a cyclops
  8861 | D:9      | Noticed a shining eye
  8869 | D:9      | Gained mutation: You are weak. (Str -2) [a shining eye]
  8870 | D:9      | Killed a shining eye
  8955 | D:9      | Killed a white ugly thing
  8984 | D:9      | Found a runed translucent door.
  8989 | D:9      | Found a runed translucent door.
  8989 | D:9      | Noticed a brown ugly thing
  8990 | D:9      | Noticed a boulder beetle
  8991 | D:9      | Found a runed translucent door.
  8991 | D:9      | Noticed a two-headed ogre
  8991 | D:9      | Noticed a deep elf pyromancer
  9147 | D:10     | Noticed Sonja
  9154 | D:10     | Killed Sonja
  9207 | D:10     | Noticed Lodul
  9236 | D:10     | Reached skill level 11 in Stealth
  9251 | D:10     | Killed Lodul
  9298 | D:10     | Reached XP level 12. HP: 68/68 MP: 14/14
  9360 | D:10     | Noticed a two-headed ogre
  9392 | D:10     | Killed a two-headed ogre
  9394 | D:10     | Reached skill level 12 in Stealth
  9719 | D:10     | Noticed Josephine
  9748 | D:10     | Killed Josephine
  9921 | D:10     | Reached **** piety under Dithmenos
 10248 | D:11     | Reached skill level 13 in Stealth
 10269 | D:11     | Found a staircase to the Lair.
 10955 | D:12     | Reached skill level 1 in Evocations
 11029 | D:12     | Noticed a five-headed hydra
 11034 | D:12     | Killed a five-headed hydra
 11092 | D:12     | Found a staircase to the Orcish Mines.
 11128 | D:12     | Noticed an eight-headed hydra
 11181 | D:11     | Killed an eight-headed hydra
 11182 | D:11     | Reached skill level 14 in Stealth
 11234 | D:11     | Reached XP level 13. HP: 55/72 MP: 15/15
 11258 | D:12     | Identified the +2 chain mail of Gumac {Harm rPois Dex-5
                  | Stlth+}
 11292 | D:12     | Noticed Jorgrun
 11319 | D:12     | Killed Jorgrun
 11541 | Lair:1   | Entered Level 1 of the Lair of Beasts
 11625 | Lair:1   | Reached ***** piety under Dithmenos
 11633 | Lair:1   | Reached skill level 15 in Stealth
 11633 | Lair:1   | Reached skill level 5 in Evocations
 12151 | Lair:1   | Noticed Nergalle
 12156 | Lair:1   | Killed Nergalle
 12566 | Lair:2   | Found a staircase to the Snake Pit.
 13267 | Lair:3   | Gained mutation: Your large and strong wings let you fly.
                  | [Gargoyle growth]
 13267 | Lair:3   | Reached XP level 14. HP: 51/84 MP: 16/16
 13348 | Lair:3   | Noticed Amaemon
 13364 | Lair:3   | Killed Amaemon
 13577 | Lair:3   | Found a staircase to the Swamp.
 13624 | Lair:3   | Noticed Kirke
 13650 | Lair:3   | Killed Kirke
 14407 | Lair:4   | Reached skill level 10 in Fighting
 14829 | Lair:4   | Found a dark tunnel.
 14903 | Volcano  | Entered a volcano
 15017 | Volcano  | Reached ****** piety under Dithmenos
 15256 | Volcano  | Found a radiant altar of Vehumet.
 15356 | Volcano  | Reached skill level 10 in Evocations
 15417 | Volcano  | Found a radiant altar of Vehumet.
 15980 | Lair:5   | Entered Level 5 of the Lair of Beasts
 16223 | Lair:5   | Reached XP level 15. HP: 53/92 MP: 17/17
 16309 | Lair:5   | Found a viscous altar of Jiyva.
 16309 | Lair:5   | Found a staircase to the Slime Pits.
 17162 | Lair:5   | Found a runed translucent door.
 17831 | Orc:1    | Entered Level 1 of the Orcish Mines
 17851 | Orc:1    | Found Ewol Uny's Gadget Gallery.
 18298 | Orc:2    | Entered Level 2 of the Orcish Mines
 18322 | Orc:2    | Noticed Snorg
 18328 | Orc:2    | Killed Snorg
 18403 | Orc:2    | Found a staircase to the Elven Halls.
 18549 | Orc:2    | Reached skill level 5 in Invocations
 18739 | Orc:2    | Found Urrimp's Antique Weapon Emporium.
 18772 | Orc:2    | Found Keruur's Assorted Antiques.
 18838 | Orc:2    | Found Musch's General Store.
 18853 | Orc:2    | Bought a scroll of acquirement for 728 gold pieces
 18853 | Orc:2    | Bought a scroll of identify for 28 gold pieces
 18853 | Orc:2    | Bought a potion of brilliance for 56 gold pieces
 18853 | Orc:2    | Bought 2 potions of ambrosia for 224 gold pieces
 18853 | Orc:2    | Bought a potion of curing for 42 gold pieces
 18856 | Orc:2    | Acquired a manual of Dodging
 18866 | Orc:2    | Found Macioptoet's Antique Weapon Emporium.
 18897 | Orc:2    | Bought a glimmering short sword for 320 gold pieces
 18897 | Orc:2    | Identified the +7 short sword of the Lurker {holy, Int+4
                  | Dex+2} (You bought it in a shop on level 2 of the Orcish
                  | Mines)
 18933 | Orc:2    | Found Nosebun's Antique Armour Shoppe.
 18941 | Orc:2    | Bought a translucent cloak for 342 gold pieces
 18941 | Orc:2    | Identified the +3 cloak of Lies {rF+ Str+2 Int+4} (You
                  | bought it in a shop on level 2 of the Orcish Mines)
 19035 | Orc:2    | Found Rallua's Antique Armour Boutique.
 19037 | Orc:2    | Found Zazxaej's Book Shop.
 19044 | Orc:2    | Bought a glowing helmet for 255 gold pieces
 19411 | D:13     | Reached skill level 10 in Dodging
 19423 | D:13     | Reached XP level 16. HP: 97/97 MP: 20/20
 19528 | D:13     | Found a frozen archway.
 19773 | D:13     | Found a portal to a secret trove of treasure.
 19903 | D:13     | You paid a toll of 7 potions of haste to enter a treasure
                  | trove
 19904 | Trove    | Entered a treasure trove
 19942 | D:13     | Acquired the +1 pair of gloves of Indecent Exposure {rC+
                  | Str+6}
 20063 | D:13     | Identified the ring "Gausadog" {rF+ rC- Will++ MP+9 Slay+6}
 20780 | D:14     | Identified Roxanne's Collected Works on the Rocks
 20780 | D:14     | Noticed Roxanne
 21584 | D:14     | Found a gate to the Vaults.
 21616 | D:14     | Reached skill level 10 in Invocations
 21688 | D:14     | Found a runed translucent gate.
 21688 | D:14     | Found a runed translucent gate.
 21688 | D:14     | Found a runed translucent gate.
 21692 | D:14     | Noticed Wauzun's ghost (journeyman OpAE)
 21909 | D:14     | Killed Roxanne
 22036 | D:15     | Entered Level 15 of the Dungeon
 22551 | D:15     | Found a staircase to the Depths.
 23137 | Snake:1  | Entered Level 1 of the Snake Pit
 23140 | Snake:1  | Reached XP level 17. HP: 102/102 MP: 25/25
 23184 | Snake:1  | Noticed Agnes
 23192 | Snake:1  | Killed Agnes
 23247 | Snake:1  | Identified the +10 sling "Ibbequmu" {freeze, Int+4}
 23318 | Snake:1  | Noticed Azrael
 23408 | Snake:1  | Killed Azrael
 24355 | Snake:2  | Reached skill level 15 in Dodging
 24645 | Snake:2  | Found a runed translucent door.
 24923 | Snake:3  | Reached skill level 1 in Shields
 24949 | Snake:3  | Reached skill level 16 in Stealth
 25385 | Snake:3  | Reached skill level 5 in Shields
 25523 | Snake:3  | Reached XP level 18. HP: 107/107 MP: 27/27
 25885 | Snake:4  | Entered Level 4 of the Snake Pit
 25895 | Snake:4  | Reached skill level 17 in Stealth
 25979 | Snake:4  | Noticed Louise
 26025 | Snake:3  | Killed Louise
 26141 | Snake:4  | Identified the +10 hand axe "Honehotum" {vorpal, Int+2}
 26725 | Snake:4  | Reached skill level 18 in Stealth
 27256 | Snake:4  | Got a serpentine rune of Zot
 27487 | Swamp:1  | Entered Level 1 of the Swamp
 27489 | Swamp:1  | Noticed Frances
 27513 | Swamp:1  | Killed Frances
 28207 | Swamp:2  | Reached skill level 10 in Armour
 28334 | Swamp:2  | Reached skill level 19 in Stealth
 28786 | Swamp:3  | Found a hide-covered altar of Uskayaw.
 28798 | Swamp:3  | Reached XP level 19. HP: 84/112 MP: 28/28
 29037 | Swamp:4  | Entered Level 4 of the Swamp
 29213 | Swamp:4  | Found a runed translucent door.
 29213 | Swamp:4  | Noticed FizzleBangTC's ghost (adept GnFE)
 29349 | Swamp:4  | Reached skill level 20 in Stealth
 29550 | Swamp:4  | Got a decaying rune of Zot
 29722 | Swamp:4  | Killed FizzleBangTC's ghost
 29736 | Swamp:4  | Acquired 847 gold pieces
 29950 | Elf:1    | Entered Level 1 of the Elven Halls
 30430 | Elf:1    | Found Roriul's Jewellery Shop.
 30489 | Elf:1    | Found Raemyeva's Assorted Antiques.
 30513 | Elf:1    | Bought the +12 pair of quick blades "Gyre" and "Gimble"
                  | {protect} for 1530 gold pieces
 30513 | Elf:1    | Found the +12 pair of quick blades "Gyre" and "Gimble"
                  | {protect}
 31158 | Vaults:1 | Entered Level 1 of the Vaults
 31199 | Vaults:1 | Reached skill level 21 in Stealth
 31336 | Vaults:1 | Reached XP level 20. HP: 117/117 MP: 29/29
 31646 | Vaults:1 | Found a transporter.
 31650 | Vaults:1 | Found a bloodstained altar of Trog.
 31650 | Vaults:1 | Found a transporter.
 31660 | Vaults:1 | Noticed Ceherehi's ghost (adept OgEn)
 31962 | Vaults:1 | Reached skill level 15 in Armour
 31968 | Vaults:1 | Reached skill level 22 in Stealth
 32887 | Vaults:2 | Noticed Boris
 32891 | Vaults:2 | Killed Boris
 33042 | Vaults:2 | Identified the +8 arbalest "Synkuwno" {penet, *Slow rF+
                  | Str-5 Int+7}
 33175 | Vaults:2 | Reached skill level 23 in Stealth
 33240 | Vaults:2 | Reached XP level 21. HP: 113/126 MP: 30/30
 34074 | Vaults:3 | Reached skill level 24 in Stealth
 34079 | Vaults:3 | Identified the +10 trident "Runudal" {chaos, rElec Dex+3
                  | Stlth+}
 34214 | Vaults:3 | Identified the ring of Kufragokk {Fire rElec rN+ Str+2
                  | Stlth+}
 34310 | Vaults:3 | Paralysed by a floating eye for 2 turns
 34397 | Vaults:3 | Found a staircase to the Crypt.
 34397 | Vaults:3 | Found an ancient bone altar of Kikubaaqudgha.
 34398 | Vaults:3 | Found a basalt altar of Yredelemnul.
 34846 | Vaults:4 | Found a runed translucent gate.
 34847 | Vaults:4 | Found a runed translucent gate.
 34847 | Vaults:4 | Found a runed translucent gate.
 34856 | Vaults:4 | Found an iron altar of Okawaru.
 34856 | Vaults:4 | Noticed Tewud's ghost (journeyman FeIE)
 35842 | Vaults:4 | Reached XP level 22. HP: 139/139 MP: 31/31
 35851 | Vaults:4 | Reached skill level 15 in Fighting
 35851 | Vaults:4 | Lost mutation: You are weak. (Str -2) [potion of mutation]
 35851 | Vaults:4 | Gained mutation: You are frail. (-10% HP) [potion of
                  | mutation]
 35851 | Vaults:4 | Gained mutation: You have a pair of small horns on your
                  | head. [potion of mutation]
 35851 | Vaults:4 | Gained mutation: You have hidden genetic potential. [potion
                  | of mutation]
 36069 | Vaults:4 | Reached skill level 25 in Stealth
 36129 | Vaults:4 | Killed Tewud's ghost
 36139 | Vaults:4 | Identified the +0 ring mail of Absolutism {Drain rCorr
                  | Dex+3}
 36328 | Depths:1 | Entered Level 1 of the Depths
 36536 | Depths:1 | Lost mutation: You are frail. (-10% HP) [potion of
                  | mutation]
 36536 | Depths:1 | Lost mutation: You have a pair of small horns on your head.
                  | [potion of mutation]
 36536 | Depths:1 | Lost mutation: You have hidden genetic potential. [potion
                  | of mutation]
 36536 | Depths:1 | Gained mutation: You are somewhat resistant to further
                  | mutation. [potion of mutation]
 36576 | Depths:1 | Found a gateway to Hell.
 36871 | Depths:1 | Found a one-way gate to the infinite horrors of the Abyss.
 37231 | Depths:2 | Noticed Vv
 37272 | Depths:2 | Killed Vv
 37273 | Depths:2 | Reached skill level 26 in Stealth
 37385 | Depths:2 | Noticed a caustic shrike
 37391 | Depths:2 | Killed a caustic shrike
 37463 | Depths:2 | Noticed a caustic shrike
 37473 | Depths:2 | Killed a caustic shrike
 37793 | Depths:2 | Reached XP level 23. HP: 150/150 MP: 32/32
 37797 | Depths:2 | Found a one-way gate leading to the halls of Pandemonium.
 38529 | Depths:3 | Reached skill level 27 in Stealth
 38578 | Depths:3 | Noticed a caustic shrike
 38594 | Depths:3 | Killed a caustic shrike
 38774 | Depths:3 | Noticed a juggernaut
 38797 | Depths:3 | Killed a juggernaut
 38813 | Depths:3 | Noticed a juggernaut
 38816 | Depths:3 | Noticed a caustic shrike
 38818 | Depths:3 | Noticed a golden dragon
 38818 | Depths:3 | a caustic shrike changed into a golden dragon
 38834 | Depths:3 | Killed a golden dragon
 38849 | Depths:3 | Killed a juggernaut
 38867 | Depths:3 | Noticed a golden dragon
 38892 | Depths:3 | Noticed a juggernaut
 38914 | Depths:3 | Killed a juggernaut
 38923 | Depths:3 | Killed a golden dragon
 39082 | Depths:3 | Found a shadowy altar of Dithmenos.
 39228 | Depths:3 | Found a sacrificial altar of Ru.
 39504 | Depths:3 | Found a gateway to a bazaar.
 39511 | Bazaar   | Entered a bazaar
 39519 | Bazaar   | Found Rievily's Magic Scroll Shop.
 39519 | Bazaar   | Found Huac's Jewellery Boutique.
 39527 | Bazaar   | Bought a scroll of enchant weapon for 97 gold pieces
 39527 | Bazaar   | Bought a scroll of teleportation for 39 gold pieces
 39527 | Bazaar   | Bought a scroll of summoning for 123 gold pieces
 39527 | Bazaar   | Bought a scroll of poison for 52 gold pieces
 39527 | Bazaar   | Bought a scroll of magic mapping for 97 gold pieces
 39527 | Bazaar   | Bought a scroll of fear for 52 gold pieces
 39527 | Bazaar   | Bought a scroll of blinking for 97 gold pieces
 39645 | Depths:4 | Entered Level 4 of the Depths
 39645 | Depths:4 | Noticed a golden dragon
 39648 | Depths:4 | Killed a golden dragon
 39690 | Depths:4 | Identified the ring "Irphaicar" {Fire Will- MP+9 Stlth+}
 39890 | Depths:4 | Acquired 734 gold pieces
 39917 | Depths:4 | Found a one-way gateway to a ziggurat.
 39995 | Depths:4 | Reached XP level 24. HP: 158/162 MP: 32/32
 40034 | Depths:4 | Acquired 654 gold pieces
 40119 | Depths:4 | Noticed Saint Roka
 40166 | Depths:4 | Killed Saint Roka
 40202 | Depths:4 | Acquired the amulet "Attomyhi" {Regen+ Str-5 Int+4 Slay+3}
 40227 | Depths:4 | Noticed a juggernaut
 40230 | Depths:4 | Killed a juggernaut
 40291 | Depths:4 | Identified the ring "Oxiamo" {Wiz +Blink rPois Str-4
                  | Stlth+}
 40305 | Depths:4 | Found a gate to the Realm of Zot.
 40309 | Depths:4 | Found a transporter.
 40363 | Depths:4 | Noticed a juggernaut
 40371 | Depths:4 | Killed a juggernaut
 40375 | Depths:4 | Identified the ring of Puime {Fire Will- Str-4 SInv Stlth+}
 40401 | Depths:4 | Noticed a caustic shrike
 40405 | Depths:4 | Killed a caustic shrike
 40424 | Depths:4 | Found a transporter.
 40699 | Vaults:5 | Entered Level 5 of the Vaults
 40805 | Vaults:5 | Noticed an ancient lich
 40934 | Vaults:5 | Noticed Boris
 40981 | Vaults:4 | Killed an ancient lich
 40999 | Vaults:4 | Killed Boris
 41091 | Vaults:5 | Reached skill level 1 in Translocations
 41129 | Vaults:5 | Reached XP level 25. HP: 68/168 MP: 3/34
 41429 | Vaults:5 | Identified the +7 short sword of Makhleb's Castigation
                  | {protect, Fly rF+ Will- Dex+3}
 41533 | Vaults:5 | Got Sif Muna's Textbook on Feathers
 41590 | Vaults:5 | Reached skill level 5 in Translocations
 41642 | Vaults:5 | Identified the +8 war axe of a ziggurat {freeze, rElec rC+
                  | Dex+6 Stlth-}
 41714 | Vaults:5 | Identified the +9 plate armour of the Thirsty Villages
                  | {Drain rC+ Str+3}
 41825 | Vaults:5 | Noticed Mennas
 41894 | Vaults:5 | Killed Mennas
 41997 | Vaults:5 | Got a silver rune of Zot
 42230 | Vaults:5 | Noticed an ancient lich
 42252 | Vaults:5 | Killed an ancient lich
 42840 | Zot:1    | Entered Level 1 of the Realm of Zot
 43495 | Zot:1    | Noticed a Killer Klown
 43647 | Zot:1    | Noticed an orb of fire
 43683 | Zot:1    | Killed an orb of fire
 44171 | Zot:1    | Killed a Killer Klown
 44525 | Zot:1    | Identified the +0 scale mail of the Five Wars {Contam Harm
                  | rElec Str+3}
 44543 | Zot:1    | Identified the +2 quarterstaff of Frustration {protect,
                  | Int+3}
 44573 | Zot:2    | Noticed Grunn
 44692 | Zot:1    | Reached XP level 26. HP: 153/177 MP: 34/34
 44870 | Zot:2    | Killed Grunn
 47358 | Zot:5    | Entered Level 5 of the Realm of Zot
 47589 | Zot:5    | Found a runed translucent door.
 47590 | Zot:5    | Found a shimmering altar of Xom.
 47590 | Zot:5    | Noticed Akugygoc's ghost (legendary MiFi)
 47764 | Zot:5    | Noticed an orb of fire
 47764 | Zot:5    | Noticed a Killer Klown
 47767 | Zot:5    | Noticed a Killer Klown
 47768 | Zot:5    | Killed an orb of fire
 47769 | Zot:5    | Noticed an orb of fire
 47769 | Zot:5    | Noticed an orb of fire
 47770 | Zot:5    | Killed a Killer Klown
 47772 | Zot:5    | Killed an orb of fire
 47774 | Zot:5    | Killed an orb of fire
 47777 | Zot:5    | Killed a Killer Klown
 47778 | Zot:5    | Reached XP level 27. HP: 158/186 MP: 33/34
 47884 | Zot:5    | Noticed a dread lich
 47931 | Zot:5    | Noticed a dread lich
 47952 | Zot:5    | Killed a dread lich
 47973 | Zot:5    | Killed a dread lich
 48110 | Zot:5    | Noticed an orb of fire
 48111 | Zot:5    | Got the Orb of Zot
 48111 | Zot:5    | Noticed an orb of fire
 48122 | Zot:5    | Noticed an orb of fire
 48126 | Zot:5    | Gained mutation: Armour fits poorly on your strangely
                  | shaped body. [an orb of fire]
 48769 | D:$      | Escaped with the Orb!

Illustrated notes

Levels and vault maps discovered:
D:1:      onia_arrival_pentagram, layout_basic, chequers_ecumenical_altar_island
D:2:      layout_basic
D:3:      layout_loops_ring, gammafunk_temple_overflow_statue, nrook_campfire,
          roderic_batcave, minivault_25
D:4:      layout_basic, gammafunk_ghost_arena, minmay_hollow_rounded_squares,
          uniq_ijyb
D:5:      layout_gridville, nicolae_overflow_crystal_walls,
          minmay_temple_entry_tees, ebering_ghost_disaster_area, uniq_grinder
D:6:      layout_rooms, serial_aquarium, aquarium_bridge_island_small
          [aquarium_subvault_small_open, aquarium_subvault_wall,
          aquarium_subvault_wall, aquarium_subvault_bridge,
          aquarium_subvault_wall], aquarium_bridge_long_separate
          [aquarium_subvault_window, aquarium_subvault_wall,
          aquarium_subvault_bridge, aquarium_subvault_bridge,
          aquarium_subvault_wall, aquarium_subvault_window],
          aquarium_window_corner, aquarium_window_corridor_3, aquarium_view_2b,
          aquarium_view_2a
D:7:      layout_basic, minmay_misc_feat_ornament, uniq_crazy_yiuf_cottage,
          uniq_maggie
D:8:      layout_basic, serial_undead, serial_undead_f, serial_undead_b,
          serial_undead_a, serial_undead_f, serial_undead_c, serial_undead_b,
          chequers_serial_rivers_large_b, due_unseen_surprise
D:9:      minmay_the_grid_triangle_9x9_recursive_2_mashed
          [minmay_the_grid_triangle_9x9_prize_schism,
          minmay_the_grid_triangle_9x9_fully_insulated_deathbox,
          minmay_the_grid_triangle_9x9_stretched_checkered,
          minmay_the_grid_triangle_9x9_negative_grid], layout_loops_ring,
          hangedman_tell_no_tales
D:10:     layout_roguey, uniq_lodul, uniq_sonja, uniq_josephine
D:11:     layout_loops_ring, lair_entry_dummy, serial_ice, serial_ice_m,
          serial_ice_a, serial_ice_k, serial_ice_f
D:12:     layout_rooms, hiddenorc1_lemuel, palyth_stone_intersect, uniq_jorgrun
D:13:     hourglass_vault, layout_loops_cross, nicolae_trove_entry_crystal,
          portal_ice_cave_rime, special_room [special_room_orc]
D:14:     fort_yaktaur, layout_loops_ring, grunt_vaults_entry_fortified,
          ebering_ghost_rock_garden, uniq_roxanne
D:15:     grunt_enter_depths_snipers, layout_grid_maze,
          chequers_serial_rivers_micro_e
Temple:   hellmonk_temple_divided_pantheon
Lair:1:   layout_loops_ring, uniq_nergalle
Lair:2:   layout_hall_layers, minmay_snake_entry_guardpost_small
Lair:3:   layout_layer_cave, swamp_mist, chequers_serial_rivers_micro_d,
          uniq_amaemon, uniq_kirke
Lair:4:   minmay_lair_venomous_thicket, layout_regular_city,
          nicolae_volcano_entry_s_turn, grunt_megastairs_5
Lair:5:   wormcave, layout_small_grid, hangedman_lair_caniforms_friends,
          nicolae_slime_entry_slimehenge, bobbens_ice_dragon_lair
Swamp:1:  layout_basic_swamp, evilmike_swamp_ruin_house_1, uniq_frances
Swamp:2:  layout_basic_swamp, nicolae_swamp_tree_designs
Swamp:3:  cheibrodos_swamp_tower_of_moss, layout_falls_marsh,
          lemuel_altar_in_water, swamp_pool5
Swamp:4:  swamp_fiery, layout_basic_swamp, hellmonk_ghost_happy_afterlife
Snake:1:  layout_cave_shapes, drop_trap, nicolae_triple_integral, uniq_azrael,
          uniq_agnes
Snake:2:  cheibrodos_toxic_ritual, layout_rooms, serial_bayou_lagoon_b
Snake:3:  nrook_guardian_serpent_snake_passage, layout_basic, grunt_megastairs_1
Snake:4:  snake_pit, layout_cave_town, serial_bayou_pond_b, nrook_loot_triangle,
          drop_trap, serial_bayou_shore_b, serial_bayou_shore_a, uniq_louise
Orc:1:    layout_diamond_mine, nicolae_shop_gadgets
Orc:2:    st_orc_town, layout_diamond_mine, serial_shops,
          nicolae_lakefront_shop, shop_statue, shop, uniq_snorg
Elf:1:    nicolae_elf_arrival_no_cutting_in_line, layout_onion_city,
          serial_shops, shop_statue, shop, hangedman_elf_disciples
Vaults:1: gammafunk_ghost_wrathful_warriors, vaults_mumra_hexcomb,
          nicolae_vaults_network_periphery, v_misc_17, nicolae_vaults_rhombus_6,
          nicolae_vaults_little_squares_3, hangedman_vaults_stream,
          grunt_vaults_diagonal, hangedman_vaults_maws, v_pattern_1,
          vaults_room_pool, v_rooms_6, ontoclasm_vaults_decontamination,
          ontoclasm_vaults_tryst, vaults_dpeg_emergency_exit, layout_vaults_ring
Vaults:2: vaults_mumra_lcd, hangedman_vaults_cutoff,
          nicolae_vaults_circle_grid_a, grunt_vaults_funnel, v_misc_22,
          v_misc_22, dpeg_vaults_monster_box,
          vaults_standard_mumra_enter_the_diamond, nicolae_vaults_arrows,
          nicolae_vaults_alarming, nicolae_vaults_big_angled_halls,
          ontoclasm_vaults_pinch, vaults_room_door_ring, layout_vaults_omnibox,
          uniq_boris
Vaults:3: nicolae_vaults_sealed_display, vaults_room_stairs_pillars,
          vaults_room_hallway, st_lattice, hangedman_vaults_slice,
          vaults_dpeg_hooks, hangedman_vaults_restitches, v_pattern_2,
          v_rooms_1, v_misc_1, minmay_crypt_entry_necro_gods,
          layout_vaults_omnicross
Vaults:4: gammafunk_ghost_fury_of_okawaru, nicolae_vaults_border_crossing,
          vaults_dpeg_encased_lava, v_misc_30, nicolae_vaults_quartermaster,
          nicolae_vaults_inception_statues, hangedman_vaults_river_flow,
          nicolae_vaults_bisected_exclaves, grunt_vaults_trifunnel,
          layout_vaults_chaotic_city
Vaults:5: serial_shops, uniq_mennas
Depths:1: layout_small_grid, kennysheep_another_room, abyss_entry_glasseish,
          grunt_hell_horde, water_boxes_lemuel
Depths:2: hangedman_six_sided_sadism, layout_gridlike, pf_dread_powers_of_hell,
          abyss_entry, rand_demon_pan_entry_7, minivault_21,
          hangedman_stitches_earthworm, uniq_vv
Depths:3: minmay_crescents, layout_gridville, nicolae_ru_awakened_eye,
          serial_shops, statue_bzr, abyss_entry, hell_entry,
          nicolae_dithmenos_the_darkroom
Depths:4: hangedman_spin_cycle, abyss_entry, pan_entry, hell_entry,
          uniq_saint_roka
Zot:1:    layout_concentric_octagons, hangedman_player_shredder,
          grunt_megastairs_3
Zot:2:    layout_misc_corridors, uniq_grunn
Zot:3:    layout_gridlike, lemuel_golem_globe
Zot:4:    layout_concentric_octagons
Zot:5:    layout_basic, ebering_ghost_xom

Skill      XL: |  1  2  3  4  5  6  7  8  9 10 11 12 13 14 15 16 17 18 19 20 21 22 23 24 25 26 27 |
---------------+----------------------------------------------------------------------------------+-----
Short Blades   | 2 3 4 5 7 9 10 12 14 | 14.0
Stealth        | 5 6 7 8 10 11 14 15 16 19 21 23 24 26 27 | 27.0
Fighting       | 3 5 8 10 11 14 17 19 21 22 23 | 23.6
Dodging        | 3 5 7 10 13 15 16 18 | 18.8
Armour         | 4 5 10 14 15 16 19 20 | 20.0
Invocations    | 3 6 10 12 14 | 14.8
Evocations     | 3 7 10 12 13 14 | 14.2
Shields        | 5 |  5.0
Translocations | 3 6 |  6.2
Throwing       | |  1.7

Action                   |  1- 3 |  4- 6 |  7- 9 | 10-12 | 13-15 | 16-18 | 19-21 | 22-24 | 25-27 || total
-------------------------+-------+-------+-------+-------+-------+-------+-------+-------+-------++-------
Melee: Dagger            |   115 |    41 |     1 |   246 |  1229 |  1577 |   472 |       |       ||  3681
       Short sword       |       |    98 |    33 |    44 |       |     4 |       |       |       ||   179
       Punch             |       |     4 |     4 |       |       |       |       |       |       ||     8
       Rapier            |       |       |   152 |   257 |   161 |   156 |       |       |       ||   726
       Pair of quick bla |       |       |       |       |       |       |   895 |  1226 |  1424 ||  3545
       Headbutt          |       |       |       |       |       |       |       |    52 |       ||    52
Throw: Dart              |     9 |    36 |     3 |     6 |    18 |       |       |       |       ||    72
Invok: Shadow Step       |       |       |       |     1 |       |       |       |     1 |     9 ||    11
       Shadow Form       |       |       |       |       |       |     1 |       |     1 |       ||     2
 Abil: Evoke Invisibilit |       |       |       |       |     1 |       |       |     1 |       ||     2
Evoke: Wand              |       |       |       |    21 |       |       |       |     1 |    12 ||    34
       Condenser vane    |       |       |       |     1 |       |       |       |     2 |       ||     3
       Lightning rod     |       |       |       |       |       |       |       |     4 |       ||     4
  Use: Scroll            |     2 |     1 |     3 |     5 |    10 |    10 |     7 |    11 |    10 ||    59
       Potion            |       |       |     1 |     2 |       |     1 |       |    16 |     8 ||    28
 Stab: Sleeping          |    11 |     3 |    15 |    19 |    55 |    68 |   143 |   105 |    71 ||   490
       Distracted        |       |       |     1 |     3 |     9 |     9 |     7 |     7 |    12 ||    48
       Confused          |       |       |       |     6 |       |       |       |       |       ||     6
       Petrified         |       |       |       |       |     5 |       |       |       |       ||     5
       Petrifying        |       |       |       |       |     3 |       |       |       |       ||     3
       Invisible         |       |       |       |       |       |     5 |       |    13 |     6 ||    24
Armor: Robe              |    62 |    34 |       |       |       |       |       |       |       ||    96
       Skin              |       |     8 |       |       |       |       |       |       |       ||     8
       Leather armour    |       |     9 |    69 |   116 |       |       |       |       |       ||   194
       Troll leather arm |       |       |       |    49 |   342 |   402 |   332 |   359 |   555 ||  2039
Dodge: Dodged            |    87 |    63 |   109 |   280 |   788 |  1345 |   771 |   727 |  1070 ||  5240
Block: Buckler           |       |       |       |    81 |   197 |   318 |   111 |       |       ||   707

Table legend: (Time is in decaauts)
 A = Elapsed time spent in this place.
 B = Non-inter-level travel time spent in this place.
 C = Inter-level travel time spent in this place.
 D = Time resting spent in this place.
 E = Time spent auto-exploring this place.
 F = Levels seen in this place.
 G = Mean time per level.
                   A        B        C        D        E       F      G
               +--------+--------+--------+--------+--------+-----+--------+
         Total |  44383 |  41082 |   3301 |   3375 |  25914 |  49 |  905.8 |
       Dungeon |  15576 |  14125 |   1451 |   1938 |   8842 |  15 | 1038.4 |
        Temple |     34 |     34 |      0 |      0 |      6 |   1 |   34.0 |
          Lair |   5372 |   5023 |    349 |     78 |   3489 |   5 | 1074.4 |
         Swamp |   2064 |   1936 |    128 |     44 |   1195 |   4 |  516.0 |
     Snake Pit |   3814 |   3660 |    154 |    121 |   2215 |   4 |  953.5 |
  Orcish Mines |   1458 |   1232 |    226 |      9 |    923 |   2 |  729.0 |
   Elven Halls |   1025 |    942 |     83 |     14 |    656 |   1 | 1025.0 |
        Vaults |   6107 |   5709 |    398 |    277 |   4008 |   5 | 1221.4 |
        Depths |   3693 |   3378 |    315 |    119 |   2162 |   4 |  923.2 |
           Zot |   4621 |   4428 |    193 |    613 |   2300 |   5 |  924.2 |
        Bazaar |     26 |     26 |      0 |      0 |     21 |   1 |   26.0 |
         Trove |     34 |     34 |      0 |      0 |      0 |   1 |   34.0 |
       Volcano |    553 |    553 |      0 |    161 |     97 |   1 |  553.0 |
               +--------+--------+--------+--------+--------+-----+--------+

Top non-repeatable levels by time:
   Zot:1: 1805 daAuts
    D:14: 1585 daAuts
  Lair:5: 1541 daAuts
Vaults:4: 1463 daAuts
Vaults:5: 1367 daAuts
     D:2: 1331 daAuts
     D:3: 1319 daAuts
     D:1: 1311 daAuts
 Snake:4: 1242 daAuts
    D:15: 1236 daAuts
Depths:2: 1234 daAuts
  Lair:3: 1233 daAuts
Vaults:1: 1194 daAuts
     D:8: 1143 daAuts
    D:13: 1081 daAuts
